 Dungeon Crawl Stone Soup version 0.18-a0-965-g9200175 (webtiles) character file.

72 root the Shield-Bearer (level 4, -2/37 HPs)
             Began as a Formicid Fighter on Jan 1, 2016.
             Slain by a centaur (8 damage)
             ... on level 6 of the Dungeon.
             The game lasted 00:04:07 (1668 turns).

root the Shield-Bearer (Formicid Fighter)           Turns: 1668, Time: 00:04:07

Health: -2/37      AC:  7    Str: 27    XL:     4   Next: 48%
Magic:  4/4        EV:  8    Int:  7    God:
Gold:   110        SH: 10    Dex: 10    Spells: 0 memorised, 3 levels left

rFire  . . .     SeeInvis +     a - +0 long sword
rCold  . . .     Gourm    .     b - +0 scale mail
rNeg   . . .     Faith    .     c - +0 shield
rPois  .         Spirit   .     (helmet unavailable)
rElec  .         Dismiss  .     (no cloak)
rCorr  .         Reflect  .     (no gloves)
SustAt .         Harm     .     (no boots)
MR     .....                    (no amulet)
Stlth  ..........               (no ring)
                                (no ring)

@: mighty, not resistant to hostile enchantments, extremely unstealthy
A: permanent stasis, dig shafts and tunnels, four strong arms, antennae 3
a: Dig, Shaft Self


You were on level 6 of the Dungeon.
You were hungry.

You visited 1 branch of the dungeon, and saw 5 of its levels.

You collected 110 gold pieces.

Inventory:

Hand Weapons
 a - a +0 long sword (weapon)
Armour
 b - a +0 scale mail (worn)
 c - a +0 shield (worn)
Scrolls
 e - 4 scrolls of identify {unknown}
 o - a scroll of magic mapping {unknown}
 p - a scroll of enchant armour {unknown}
Potions
 g - a potion of invisibility {unknown}
 h - a potion of poison {unknown}
 i - 2 potions of resistance {unknown}
 j - a potion of brilliance {unknown}
 m - a potion of cure mutation {unknown}
 n - a potion of lignification {unknown}
Comestibles
 f - 2 bread rations
 k - 2 meat rations
 l - a beef jerky


   Skills:
 + Level 3.8 Fighting
 * Level 2.5 Long Blades
 + Level 4.2 Armour
 + Level 4.3 Shields


You had 3 spell levels left.
You didn't know any spells.

Dungeon Overview and Level Annotations

Branches:
Dungeon (6/15)
 Temple: D:4-7

Altars:

Annotations:
D:5 Edmund


Innate Abilities, Weirdness & Mutations

You are under a permanent stasis effect.
You can dig through walls and to a lower floor.
Your four strong arms can wield two-handed weapons with a shield.
You have a pair of large antennae on your head (SInv).


Message History

Drink which item? (? for menu, Esc to quit)
You feel very mighty all of a sudden.
The centaur hits you but does no damage.
You slash the centaur!
The centaur is heavily wounded.
The centaur closely misses you. You block the centaur's attack.
Your shield and scale mail prevent you from hitting the centaur.
The centaur is heavily wounded.
The centaur hits you but does no damage. x2
You closely miss the centaur.
The centaur is heavily wounded.
The centaur hits you.
* * * LOW HITPOINT WARNING * * *
The centaur hits you but does no damage.
You slash the centaur!
The centaur is almost dead.
The centaur hits you.
* * * LOW HITPOINT WARNING * * *
The centaur hits you!
You die...

#######
#.†@..#
#...c.......
#............
#............
#............
#............
#............
#............


You could see a centaur.

Vanquished Creatures
  A gnoll (D:2)
  3 adders (D:2)
  An adder skeleton (D:5)
  3 giant geckos
  An orc (D:4)
  2 giant cockroaches
  6 hobgoblins
  2 bats
  3 giant newts
  2 goblins
  3 kobolds
  4 rats
31 creatures vanquished.

Notes
Turn   | Place    | Note
--------------------------------------------------------------
     0 | D:1      | root the Formicid Fighter began the quest for the Orb.
     0 | D:1      | Reached XP level 1. HP: 18/18 MP: 1/1
   235 | D:1      | Reached XP level 2. HP: 24/24 MP: 2/2
   806 | D:2      | Reached XP level 3. HP: 19/30 MP: 3/3
  1072 | D:2      | Reached skill level 4 in Armour
  1129 | D:2      | Reached XP level 4. HP: 32/37 MP: 4/4
  1259 | D:2      | You fall through a shaft for 2 floors!
  1297 | D:5      | Entered Level 5 of the Dungeon
  1640 | D:5      | Noticed Edmund
  1650 | D:6      | Noticed a centaur
  1668 | D:6      | Slain by a centaur

Vault maps used:
D:1:      lightli_arrival_isolated_outpost, minmay_stone_trees_small,
          minmay_misc_feat_columns, serial_park_tiny_2, minmay_liquid_box
D:2:      kennysheep_generic_room_8
D:4:      vehumet_crystals
D:5:      minitemple, first_bread, uniq_edmund
D:6:      grunt_temple_overflow_opulence, led_sif_pool, feat_on_display

Action                   |  1- 3 |  4- 6 || total
-------------------------+-------+-------++-------
Melee: Long sword        |    90 |    42 ||   132
  Use: Potion            |       |     1 ||     1
  Eat: Chunk             |     1 |     1 ||     2
